AoeStats
← ogipochi_

Black Forest

506134081Analyzed
4v4 RM · 20d ago on Sep 12, 2026· 53m 48s· 8 players
Game mode
Random Map
Map size
Large (8 player)
Population
200
Speed
Normal
Resources
Standard
Victory
Conquest
Starting age
Dark Age
Ending age
Imperial Age
RankedLock teamsTeams togetherTeam positionsShared explorationLock speedFull tech treeHidden civsTurbo modeCheats
Victory
Defeat
🇫🇮 Turks · Finland
734
+17
🇫🇮 Huns · Finland
720
+18
🇫🇮 Wu · Finland
705
+18
🇫🇮 Spanish · Finland
693
+19
🇪🇸 Bohemians · Spain
773
-19
768
-18
🇭🇰 Spanish · Hong Kong SAR China
766
-18
🇯🇵 Khitans · Japan
741
-17
ogipochi_
4:30 Loom
12:28 Feudal Age
13:04 Double-Bit Axe
13:10 Gold Mining
13:01 Domestication
13:16 Stone Mining
15:27 Forging
16:55 Scale Mail Armor
16:35 Man-at-Arms
17:01 Arson
19:41 Wheelbarrow
22:16 Castle Age
21:03 Fletching
21:14 Padded Archer Armor
23:34 Bow Saw
23:24 Bodkin Arrow
23:44 Leather Archer Armor
23:33 Pastoralism
25:39 Leather Archer Armor
26:52 Town Watch
29:06 Chain Mail Armor
28:42 Elite Skirmisher
29:52 Caravan
31:52 Thumb Ring
32:14 Squires
31:59 Gambesons
32:49 Ballistics
32:12 Treadmill Crane
32:32 Murder Holes
32:49 Masonry
33:20 Iron Casting
35:42 Imperial Age
35:38 Lamellar Armor
37:23 Chemistry
36:26 Bracer
37:06 Ring Archer Armor
37:14 Plate Mail Armor
39:04 Two-Man Saw
38:42 Stone Shaft Mining
38:24 Hand Cart
38:43 Transhumance
38:44 Town Patrol
38:29 Long Swordsman
39:32 Conscription
38:35 Heavy Rocket Cart
39:21 Elite Liao Dao
40:35 Two-Handed Swordsman
41:25 Champion
42:27 Elite Fire Lancer
MagicMorpheus91
14:01 Feudal Age
15:31 Wheelbarrow
14:42 Loom
16:33 Town Watch
17:19 Double-Bit Axe
17:21 Horse Collar
17:58 Arson
17:33 Man-at-Arms
22:09 Forging
22:09 Padded Archer Armor
22:19 Fletching
25:21 Castle Age
27:09 Caravan
27:44 Bow Saw
27:38 Heavy Plow
28:55 Hand Cart
28:27 Pikeman
29:48 Leather Archer Armor
31:00 Iron Casting
36:09 Imperial Age
33:52 Scale Mail Armor
34:11 Town Patrol
35:14 Fortified Wall
36:12 Chemistry
35:04 Guard Tower
38:22 Blast Furnace
37:52 Ring Archer Armor
37:19 Bodkin Arrow
37:19 Houfnice
39:19 Chain Mail Armor
39:29 Ballistics
40:49 Bracer
42:48 Onager
45:06 Plate Mail Armor
45:00 Bombard Tower
45:53 Halberdier
La Gata bajo la lluvia
10:04 Feudal Age
13:41 Castle Age
12:20 Double-Bit Axe
12:40 Horse Collar
19:54 Bow Saw
20:43 Heavy Plow
22:46 Wheelbarrow
23:20 Gold Mining
23:21 Stone Mining
26:53 Gold Shaft Mining
26:55 Stone Shaft Mining
26:40 Hand Cart
27:08 Town Watch
27:50 Loom
31:22 Imperial Age
29:15 Ballistics
29:27 Nomads
29:47 Caravan
30:18 Coinage
30:16 Fletching
30:26 Padded Archer Armor
31:54 Thumb Ring
32:01 Bloodlines
31:51 Husbandry
31:25 Elite Mangudai
32:28 Drill
32:28 Conscription
32:32 Onager
35:00 Chemistry
34:27 Parthian Tactics
34:10 Siege Engineers
34:03 Bodkin Arrow
37:20 Bracer
37:35 Leather Archer Armor
36:53 Capped Ram
37:57 Masonry
37:42 Murder Holes
38:00 Siege Ram
39:45 Hoardings
三十秒必射觀音手
7:23 Loom
10:29 Feudal Age
12:01 Wheelbarrow
11:15 Double-Bit Axe
14:05 Horse Collar
14:22 Gold Mining
22:16 Castle Age
23:04 Heavy Plow
23:18 Bow Saw
24:00 Hand Cart
27:10 Fervor
28:01 Caravan
31:55 Town Watch
34:42 Imperial Age
32:21 Padded Archer Armor
36:57 Chemistry
36:17 Leather Archer Armor
36:06 Town Patrol
38:19 Ring Archer Armor
44:51 Sanctity
44:36 Onager
46:00 Stone Mining
Eemi8
12:09 Feudal Age
12:36 Double-Bit Axe
14:00 Horse Collar
17:23 Wheelbarrow
21:18 Castle Age
21:13 Gold Mining
23:47 Bow Saw
25:42 Heavy Plow
26:27 Bloodlines
26:18 Husbandry
31:49 Imperial Age
33:13 Conscription
35:08 Chemistry
39:20 Padded Archer Armor
39:15 Fletching
40:46 Leather Archer Armor
43:43 Elite Conquistador
46:34 Ring Archer Armor
m0nkhair
10:30 Feudal Age
11:10 Double-Bit Axe
16:03 Stone Mining
16:03 Gold Mining
18:18 Castle Age
17:13 Stone Mining
18:15 Horse Collar
22:56 Wheelbarrow
24:03 Bow Saw
23:55 Heavy Plow
30:13 Imperial Age
28:56 Gold Mining
30:15 Hand Cart
30:51 Bloodlines
31:13 Artillery
31:52 Padded Archer Armor
31:42 Fletching
31:58 Scale Barding Armor
32:20 Bombard Tower
32:48 Elite Janissary
36:01 Two-Man Saw
Nahkakikkeli
11:10 Feudal Age
14:16 Double-Bit Axe
19:07 Castle Age
20:22 Bow Saw
21:36 Gold Mining
21:37 Stone Mining
21:34 Horse Collar
21:50 Treadmill Crane
27:50 Heavy Plow
29:01 Wheelbarrow
33:50 Imperial Age
32:17 Padded Archer Armor
32:12 Fletching
34:04 Elite Skirmisher
34:45 Elite Fire Archer
35:47 Conscription
36:12 Forging
36:00 Bodkin Arrow
36:21 Leather Archer Armor
37:51 Chemistry
37:12 Ballistics
38:08 Bracer
41:15 Red Cliffs Tactics
48:50 Murder Holes
49:16 Masonry
50:17 Sitting Tiger
51:05 Loom
52:01 Architecture
Pingu
12:33 Feudal Age
10:49 Loom
12:38 Feudal Age
13:45 Horse Collar
13:53 Double-Bit Axe
22:13 Gold Mining
22:14 Stone Mining
24:54 Castle Age
23:48 Scale Barding Armor
25:48 Forging
26:20 Bow Saw
26:11 Heavy Plow
26:23 Caravan
26:49 Chain Barding Armor
27:06 Gold Shaft Mining
29:35 Wheelbarrow
28:49 Town Watch
29:12 Marauders
33:39 Hand Cart
35:23 Iron Casting
38:11 Pikeman
39:09 Scale Mail Armor
40:48 Chain Mail Armor
46:42 Coinage
Connection lost

Rejoining the realm…

Still unreachable

The connection could not be restored.

Session expired

The server has moved on; the page needs a fresh start.